 Dungeon Crawl Stone Soup version 0.30-a0-778-g2ef04afb54 (webtiles) character file.

Game seed: 3292348694928891507

4 Pimp the Magician (level 1, 0/13 HPs)
             Began as a Demonspawn Hedge Wizard on Feb 16, 2023.
             Slain by a bat (1 damage)
             ... on level 1 of the Dungeon.
             The game lasted 00:00:44 (185 turns).

Pimp the Magician (Demonspawn Hedge Wizard)          Turns: 185, Time: 00:00:45

Health: 0/13       AC:  2    Str: 10    XL:     1   Next: 50%
Magic:  4/4        EV: 12    Int: 15    God:
Gold:   0          SH:  0    Dex: 12    Spells: 5/6 levels left

rFire   . . .      SeeInvis .    a - +0 dagger
rCold   . . .      Faith    .    (no shield)
rNeg    . . .      Spirit   .    b - +0 robe
rPois   .          Reflect  .    c - +0 hat
rElec   .          Harm     .    (no cloak)
rCorr   .          Rampage  .    (no gloves)
Will    .....                    (no boots)
Stlth   ++                       (no amulet)
HPRegen 0.22/turn                (no ring)
MPRegen 0.09/turn                (no ring)

@: no status effects
A: no striking features
a: no special abilities


You were on level 1 of the Dungeon.
You visited 1 branch of the dungeon, and saw 1 of its levels.

Inventory:

Hand Weapons
 a - a +0 dagger (weapon)
Armour
 b - a +0 robe (worn)
 c - a +0 hat (worn)
Potions
 d - a potion of magic


   Skills:
 + Level 2.0 Dodging
 + Level 1.7 Stealth
 + Level 3.1 Spellcasting
 + Level 1.0 Conjurations
 + Level 1.0 Summonings
 + Level 0.8 Translocations


You had 5 spell levels left.
You knew the following spells:

 Your Spells              Type           Power      Damage    Failure   Level
a - Magic Dart            Conj           20%        1d4       13%         1

Your spell library contained the following spells:

 Spells                   Type           Power      Damage    Failure   Level
 Slow                     Hex            8%         N/A       21%         1
 Call Imp                 Summ           5%         N/A       21%         2
 Blink                    Tloc           8%         N/A       22%         2
 Cigotuvi's Dreadful Rot  Necr/Pois/Air  4%         N/A       30%         2
 Mephitic Cloud           Conj/Pois/Air  3%         N/A       45%         3
 Tukima's Dance           Hex            2%         N/A       52%         3
 Passage of Golubria      Tloc           4%         N/A       80%         4
 Yara's Violent Unravell  Hex/Tmut       1%         3d3       99%         5


Dungeon Overview and Level Annotations

Branches:
Dungeon (1/15)

Altars:


Message History

You hit the kobold.
The kobold is heavily wounded.
The bat hits you but does no damage.
The kobold hits you with a +0 short sword.
You hit the kobold.
The kobold is severely wounded.
The bat closely misses you. The kobold closely misses you.
You hit the kobold but do no damage.
The kobold is severely wounded.
The bat hits you but does no damage. The kobold barely misses you.
You barely miss the bat. The bat hits you. The bat barely misses you.
The kobold barely misses you.
You hit the kobold.
You kill the kobold!
The bat barely misses you. The bat attacks as you move away!
The bat closely misses you.
An endoplasm comes into view.
The bat hits you. x2
Items here: ( ) [ †.
You hit the bat.
The bat is moderately wounded.
The bat hits you but does no damage. x3
You barely miss the bat.
The bat is moderately wounded.
The bat hits you. The endoplasm freezes you.
You are frozen.
* * * LOW HITPOINT WARNING * * *
You see here a bubbling ruby potion.
The endoplasm jiggles.
The bat barely misses you. The bat hits you.
* * * LOW HITPOINT WARNING * * *
You see here a +0 leather armour.
Found a whip.
A bat comes into view.
The bat barely misses you.
A hobgoblin comes into view.
The bat hits you.
You die...

##### ##...# #
..#.# #.####.#.#
#...@b.#.#
....#.#$#J#.##### .
.. #.).......# ..)
#.####..#.########
.g.
#.................
b.
....##############.
. #... #. #.### #.
.. #.


You could see an endoplasm, a hobgoblin and 2 bats.

Vanquished Creatures
  A bat (D:1)
  A kobold (D:1)
  A frilled lizard (D:1)
  A goblin (D:1)
4 creatures vanquished.

Notes
Turn   | Place    | Note
-------+----------+-------------------------------------------
     0 | D:1      | Pimp the Demonspawn Hedge Wizard began the quest for the
                  | Orb.
     0 | D:1      | Reached XP level 1. HP: 13/13 MP: 4/4
   185 | D:1      | Slain by a bat

Illustrated notes

Levels and vault maps discovered:
D:1:      shiori_angband_town, layout_loops_ring,
          shapermc_ecumenical_altar_mp_urbaneastern, minmay_tetromino_i4

Skill      XL: |  1 |
---------------+----+-----
Dodging        | 2 |  2.0
Stealth        | |  1.7
Spellcasting   | |  3.1
Conjurations   | |  1.0
Summonings     | |  1.0
Translocations | |  0.8

Action                     || total
---------------------------++-------
  Melee: Dagger            ||    21
   Cast: Magic Dart        ||     5
   Stab: Sleeping          ||     1
 Armour: Robe              ||    33
  Dodge: Dodged            ||    49

Table legend: (Time is in decaauts)
 A = Elapsed time spent in this place.
 B = Non-inter-level travel time spent in this place.
 C = Inter-level travel time spent in this place.
 D = Time resting spent in this place.
 E = Time spent auto-exploring this place.
 F = Levels seen in this place.
 G = Mean time per level.
                   A        B        C        D        E       F      G
               +--------+--------+--------+--------+--------+-----+--------+
         Total |    185 |    185 |      0 |      0 |     80 |   1 |  185.0 |
       Dungeon |    185 |    185 |      0 |      0 |     80 |   1 |  185.0 |
               +--------+--------+--------+--------+--------+-----+--------+

Top non-repeatable levels by time:
     D:1: 185 daAuts
